AoeStats
← HR nomadplayer

African Clearing

506569472Analyzed
4v4 RM · 17d ago on Sep 14, 2026· 43m 18s· 8 players
Game mode
Random Map
Map size
Large (8 player)
Population
200
Speed
Normal
Resources
Standard
Victory
Conquest
Starting age
Dark Age
Ending age
Imperial Age
RankedLock teamsTeams togetherTeam positionsShared explorationLock speedFull tech treeHidden civsTurbo modeCheats
Victory
Defeat
🇨🇱 Saracens · Chile
1818
+15
🇨🇱 Khmer · Chile
1794
+16
🇨🇱 Malay · Chile
1750
+18
🇨🇱 Mongols · Chile
1706
+20
🇻🇳 Wu · Vietnam
1925
-21
🇺🇸 Burgundians · United States
1877
-21
🇻🇳 Ethiopians · Vietnam
1810
-18
🇻🇳 Slavs · Vietnam
1577
-9
HR pikoLein
11:35 Feudal Age
10:55 Man-at-Arms
17:06 Fletching
17:02 Loom
37:48 Castle Age
39:52 Double-Bit Axe
41:54 Fishing Lines
HR nomadplayer
7:09 Loom
13:05 Feudal Age
16:48 Castle Age
15:03 Double-Bit Axe
15:28 Horse Collar
17:00 Light Cavalry
22:22 Bow Saw
25:07 Wheelbarrow
24:49 Bloodlines
26:27 Gold Mining
27:02 Scale Barding Armor
27:39 Husbandry
29:13 Chain Barding Armor
30:46 Forging
33:35 Imperial Age
32:04 Hand Cart
35:10 Plate Barding Armor
34:51 Town Watch
35:55 Elite Battle Elephant
37:11 Iron Casting
37:49 Tusk Swords
38:10 Conscription
38:51 Blast Furnace
38:09 Devotion
39:35 Hussar
42:01 Fletching
HR itu
13:01 Feudal Age
13:29 Loom
13:58 Double-Bit Axe
16:40 Castle Age
15:08 Horse Collar
18:06 Bow Saw
21:55 Wheelbarrow
23:50 Heavy Plow
25:02 Gold Mining
25:15 Stone Mining
26:31 Hand Cart
28:18 Gold Shaft Mining
32:10 Imperial Age
29:41 Town Watch
30:12 Scale Barding Armor
32:41 Chain Barding Armor
34:09 Chemistry
32:40 Elite Mameluke
33:59 Plate Barding Armor
34:25 Forging
34:59 Conscription
38:16 Fletching
39:01 Iron Casting
39:27 Coinage
40:12 Siege Engineers
40:28 Ballistics
42:48 Blast Furnace
42:12 Bloodlines
42:02 Husbandry
neromelnick
11:16 Feudal Age
12:04 Loom
12:07 Double-Bit Axe
12:32 Horse Collar
21:25 Castle Age
19:39 Gold Mining
20:24 Town Watch
25:53 Bow Saw
27:41 Fletching
30:41 Wheelbarrow
30:54 Ballistics
31:04 Heavy Plow
32:54 Hand Cart
32:59 Bodkin Arrow
33:24 Bloodlines
33:16 Padded Archer Armor
34:10 Husbandry
34:05 Stone Mining
37:39 Imperial Age
36:17 Leather Archer Armor
36:29 Thumb Ring
38:43 Gold Shaft Mining
37:42 Elite Mangudai
38:43 Conscription
38:24 Bracer
39:13 Parthian Tactics
41:17 Chemistry
42:21 Scale Barding Armor
42:27 Forging
41:40 Light Cavalry
43:19 Drill
43:07 Siege Engineers
43:12 Masonry
43:11 Capped Ram
VIPN@U
8:29 Loom
11:31 Feudal Age
17:35 Town Watch
28:05 Castle Age
26:37 Double-Bit Axe
26:33 Horse Collar
33:59 Sanctity
ĐLucky
12:37 Feudal Age
12:43 Loom
16:22 Castle Age
14:56 Double-Bit Axe
20:54 Fletching
28:01 Bodkin Arrow
29:48 Horse Collar
31:43 Bow Saw
34:28 Red Cliffs Tactics
36:10 Wheelbarrow
36:04 Padded Archer Armor
38:07 Gold Mining
39:44 Ballistics
43:42 Imperial Age
NaiLiu
11:42 Loom
13:28 Feudal Age
17:33 Castle Age
16:34 Double-Bit Axe
18:40 Bow Saw
24:19 Horse Collar
24:31 Gold Mining
28:26 Wheelbarrow
28:50 Heavy Plow
28:38 Town Watch
35:20 Imperial Age
35:29 Imperial Age
33:49 Hand Cart
35:35 Gold Shaft Mining
37:15 Chemistry
36:24 Padded Archer Armor
37:30 Conscription
38:09 Leather Archer Armor
39:56 Two-Man Saw
DL-Empty
10:05 Loom
13:01 Feudal Age
15:25 Double-Bit Axe
18:11 Castle Age
17:14 Fletching
17:46 Gold Mining
18:20 Crossbowman
19:41 Bodkin Arrow
22:25 Padded Archer Armor
23:51 Bow Saw
24:43 Ballistics
26:03 Wheelbarrow
26:12 Horse Collar
28:13 Heavy Plow
31:30 Leather Archer Armor
32:21 Gold Shaft Mining
31:37 Stone Mining
35:23 Thumb Ring
38:16 Imperial Age
38:06 Hand Cart
37:37 Town Watch
38:30 Stone Shaft Mining
38:20 Capped Ram
39:04 Bracer
40:16 Chemistry
39:17 Arbalester
40:47 Siege Ram
41:20 Elite Skirmisher
42:14 Halberdier
42:54 Squires
42:55 Scale Mail Armor
43:06 Forging
43:26 Ring Archer Armor
Connection lost

Rejoining the realm…

Still unreachable

The connection could not be restored.

Session expired

The server has moved on; the page needs a fresh start.